 Dungeon Crawl Stone Soup version 0.21.1-1-g345015f (webtiles) character file.

138 inc the Scratcher (level 5, -5/24 HPs)
             Began as a Felid Monk on Mar 6, 2018.
             Was a Believer of Makhleb.
             Slain by a hobgoblin
             ... wielding a +0 club
              (6 damage)
             ... on level 3 of the Dungeon.
             The game lasted 00:03:46 (3124 turns).

inc the Scratcher (Felid Monk)                      Turns: 3124, Time: 00:03:47

Health: -5/24      AC:  1    Str:  7    XL:     5   Next: 1%
Magic:  8/8        EV: 19    Int: 13    God:    Makhleb [**....]
Gold:   116        SH:  0    Dex: 18    Spells: 4/4 levels left
                                        Lives:  0   Deaths: 1

rFire    . . .     SeeInvis +     - Unarmed
rCold    . . .     Gourm    .   (shield unavailable)
rNeg     . . .     Faith    .   (armour unavailable)
rPois    .         Spirit   .   (helmet unavailable)
rElec    .         Reflect  .   (cloak unavailable)
rCorr    .         Harm     .   (gloves unavailable)
MR       .....                  (boots unavailable)
Stlth    +++.......             (no amulet)
HPRegen  0.08/turn              j - ring of flight
MPRegen  0.11/turn              (no ring)

@: lethally poisoned (-5 -> -10), quick
A: very small, no armour, no weapons or thrown items, stealth, claws 1, fangs 3,
see invisible, carnivore, speed 1, shaggy fur 1, slow metabolism 1, sharp paws
a: Minor Destruction, Renounce Religion, Evoke Flight


You were on level 3 of the Dungeon.
You worshipped Makhleb.
Makhleb was pleased with you.
You were full.

You visited 1 branch of the dungeon, and saw 3 of its levels.

You collected 116 gold pieces.

Inventory:

Jewellery
 j - a ring of flight (left paw)
 k - an uncursed ring of magical power {unknown}
Scrolls
 c - a scroll of amnesia {unknown}
 d - a scroll of magic mapping
 g - 2 scrolls of identify {unknown}
 i - a scroll of immolation {unknown}
 l - 3 scrolls of fog {unknown}
 n - a scroll of teleportation {unknown}
Potions
 b - a potion of berserk rage {unknown}
 e - 3 potions of heal wounds {unknown}
 f - a potion of mutation {unknown}
 h - a potion of lignification {unknown}
 m - a potion of curing {unknown}
Comestibles
 a - 5 rations


   Skills:
 - Level 3.0 Fighting
 - Level 4.0 Dodging
 - Level 2.6 Stealth
 - Level 5.0 Unarmed Combat
 + Level 3.3 Invocations


You had 4 spell levels left.
You didn't know any spells.

Dungeon Overview and Level Annotations

Branches:
Dungeon (3/15)

Altars:
Fedhas
Makhleb
The Shining One

Annotations:
D:3 Ijyb; Mirai's ghost, amateur HOFi


Innate Abilities, Weirdness & Mutations

You cannot wear armour.
You are incapable of wielding weapons or throwing items.
Your paws allow you to move quietly. (Stealth)
You have sharp claws.
You have razor-sharp teeth.
You have supernaturally acute eyesight. (SInv)
You are carnivorous and can eat meat at any time.
You cover ground quickly.
You are covered in fur. (AC +1)
You have a slow metabolism.
Your sharp claws are effective at attacking unaware monsters.


Message History

You are too injured to fight recklessly!
You are too injured to fight recklessly!
You are too injured to fight recklessly!
You are too injured to fight recklessly!
You are too injured to fight recklessly!
You are too injured to fight recklessly!
You are too injured to fight recklessly!
You are too injured to fight recklessly!
You are too injured to fight recklessly!
You are too injured to fight recklessly!
You closely miss the adder.
The adder is severely wounded.
* * * LOW HITPOINT WARNING * * *
You feel sick. The adder misses you. The hobgoblin closely misses you.
You closely miss the adder.
The adder is severely wounded.
The adder bites you.
* * * LOW HITPOINT WARNING * * *
The hobgoblin hits you with a club.
You die...

### ********#.#********
*,,,,,,,...,,,,,,,*
********#.#******** #.# #### #.#
######### **#### ...# #.#
#.......# *,.... ...######.###
##.g.....# *,.... ............#
#.@S.....# *,....
...##.......###........# **....
...++..................# ***....
...##..................#***,,....
...##...................,**,,....
...##...................,,,,,....
..#.....................,,,,,....
........................,,,,,....
.......................**,,,,....


You could see an adder and a hobgoblin.

Vanquished Creatures
  A crocodile (D:2)
  Jessica (D:2)
  3 adders (D:3)
  A worm (D:2)
  3 leopard geckos
  An orc (D:3)
  6 bats
  3 giant cockroaches
  7 goblins (D:1)
  A hobgoblin (D:2)
  7 jackals
  A quokka (D:2)
  3 ball pythons
  5 frilled lizards
  8 kobolds
  4 rats (D:1)
55 creatures vanquished.

Notes
Turn   | Place    | Note
-------+----------+-------------------------------------------
     0 | D:1      | inc the Felid Monk began the quest for the Orb.
     0 | D:1      | Reached XP level 1. HP: 10/10 MP: 2/2
   591 | D:1      | Reached XP level 2. HP: 8/14 MP: 3/3
  1043 | D:1      | Reached skill level 4 in Unarmed Combat
  1209 | D:1      | Reached XP level 3. HP: 14/17 MP: 4/4
  1743 | D:2      | Found a burning altar of Makhleb.
  1847 | D:2      | Became a worshipper of Makhleb the Destroyer
  1847 | D:2      | Reached * piety under Makhleb
  1847 | D:2      | Reached ** piety under Makhleb
  1859 | D:2      | Noticed Jessica
  1871 | D:2      | Killed Jessica
  1871 | D:2      | Reached skill level 5 in Unarmed Combat
  1871 | D:2      | Reached XP level 4. HP: 20/21 MP: 5/5
  1885 | D:2      | Found a glowing golden altar of the Shining One.
  2417 | D:2      | Found a blossoming altar of Fedhas.
  2513 | D:3      | Reached skill level 1 in Invocations
  2524 | D:3      | Noticed Ijyb
  2538 | D:3      | Killed from afar by Ijyb
  2539 | D:3      | Reached XP level 3. HP: -5/17 MP: 4/4
  2574 | D:3      | Noticed Mirai's ghost (amateur HOFi)
  2577 | D:3      | Noticed a crocodile
  2762 | D:2      | Killed a crocodile
  2762 | D:2      | Reached XP level 4. HP: 7/21 MP: 5/7
  3038 | D:3      | Reached XP level 5. HP: 20/24 MP: 8/8
  3124 | D:3      | HP: 1/24 [adder (5)]
  3124 | D:3      | Slain by a hobgoblin

Skill      XL: |  1  2  3  4 |
---------------+-------------+-----
Unarmed Combat | 4 5 |  5.0
Invocations    | 3 1 |  3.3
Fighting       | |  3.0
Dodging        | |  4.0
Stealth        | |  2.6

Action                   |  1- 3 |  4- 6 || total
-------------------------+-------+-------++-------
Melee: Unarmed           |   126 |    48 ||   174
       Bite              |     8 |     3 ||    11
       Punch             |     2 |       ||     2
  Use: Scroll            |       |     1 ||     1
 Stab: Sleeping          |    15 |     2 ||    17
  Eat: Chunk             |     3 |     5 ||     8
Armor: Skin              |     5 |     1 ||     6
Dodge: Dodged            |   104 |    34 ||   138
